[Event "*** Titled Tuesday Blitz"]
[Site "Chess.com"]
[Date "2019.03.05"]
[Round "5"]
[White "M1711"]
[Black "AkibaRubi"]
[Result "1-0"]
[WhiteElo "2518"]
[BlackElo "2571"]
[TimeControl "180+2"]
[EndTime "14:13:36 PST"]
[Termination "M1711 won by resignation"]

1. d4 Nf6 2. Bg5 Ne4 3. Bf4 d5 4. e3 Bf5 5. Bd3 e6 6. f3 Nd6 7. g4 Bxd3 8. Qxd3 Nc6 9. Nd2 a5 10.
a3 Be7 11. Ne2 O-O 12. O-O Bg5 13. Bg3 Nc4 14. Nxc4 dxc4 15. Qc3 b5 16. f4 Be7 17.
b3 Qd5 18. bxc4 bxc4 19. Qd2 a4 20. Nc3 Qa5 21. f5 Rad8 22. fxe6 fxe6 23. Ne4 Qd5 24. Qg2 Rxf1+ 25. Rxf1 Bxa3 26. Nc3 Qa5 27. Qxc6 Qxc3 28. Qxe6+ Kh8 29. Bxc7 Rg8 30. d5 Bc5 31. Bf4 a3 32. d6 a2 33. d7 Qf6 34. Qxf6 gxf6 35. Ra1 Ra8 36. Rxa2 Rd8 37. Ra5 Bb6 38. Rd5 Kg7 39.
g5 f5 40. Kf2 Kf7 41. Rxf5+ Ke6 42. Rf6+ Kxd7 43. Rxb6 Ke7 44. Kf3 Rd2 45. Rc6 Rxc2 46. h4 Kf7 47. Ke4 Rc1 48. Kf5 c3 49. Rc7+ Ke8 50. e4 Rf1 51. Rxc3 Kd7 52. Rc7+ Kd8 53. Rxh7 Ke8 54. g6 Kf8 55. h5 Kg8 56. h6 1-0

[Event "*** Titled Tuesday Blitz"]
[Site "Chess.com"]
[Date "2019.03.05"]
[Round "5"]
[White "TST2014"]
[Black "SaraciNderim"]
[Result "0-1"]
[WhiteElo "2516"]
[BlackElo "2735"]
[TimeControl "180+2"]
[EndTime "14:13:37 PST"]
[Termination "SaraciNderim won by checkmate"]

1. d4 Nf6 2. c4 g6 3. Nc3 Bg7 4. e4 d6 5. Nf3 O-O 6. Be2 Na6 7. O-O e5 8. Be3 exd4 9. Nxd4 Re8 10. f3 Nc5 11. Qd2 a5 12. Rfd1 Bd7 13. Ndb5 b6 14. Kh1 Nh5 15. Bg5 Bf6 16. Be3 Rc8 17.
Nd5 Bxb5 18. cxb5 Bg7 19. Bg5 Nf6 20. Bc4 Ne6 21. Bh4 Nxe4 22. Qe1 Nf6 23. Qd2 h6 24. f4 g5 25. fxg5 Ne4 26. Qc2 Nd4 27. Qd3 hxg5 28. Be1 Nc5 29. Qg3 Nde6 30. Bc3 Ne4 31. Qf3 Nxc3 32. Nxc3 Qf6 33. Qxf6 Bxf6 34. Rf1 Bxc3 35. bxc3 Kg7 36. Rf5 f6 37. Raf1 Nf4 38. g3 Nh5 39. Bd5 Re5 40. c4 Rce8 41. R5f2 Re1 42. Bf3 Rxf1+ 43.
Rxf1 Rh8 44. Kg2 Kf7 45. Re1 Ng7 46. Bd5+ Kg6 47. Re7 Rc8 48. Bb7 Re8 49. Rxc7 Re2+ 50. Kf3 Rxa2 51. Rc6 Ra3+ 52. Ke4 Nf5 53. Bc8 Re3+ 54.
Kd5 Re5# 0-1

[Event "*** Titled Tuesday Blitz"]
[Site "Chess.com"]
[Date "2019.03.05"]
[Round "5"]
[White "NeverEverForever1990"]
[Black "Shahinyan_ChessMood"]
[Result "1/2-1/2"]
[WhiteElo "2363"]
[BlackElo "2625"]
[TimeControl "180+2"]
[EndTime "14:13:42 PST"]
[Termination "Game drawn by repetition"]

1. d4 e6 2. Nf3 f5 3. g3 Nf6 4. Bg2 d5 5. O-O c6 6. Ne5 Bd6 7. Bf4 O-O 8. c4 Qe7 9. Nd2 Nbd7 10. Nxd7 Bxd7 11. Bxd6 Qxd6 12. c5 Qe7 13. Nf3 Be8 14. Ne5 Nd7 15. Nxd7 Qxd7 16. Qd2 Qe7 17. Qf4 Bh5 18.
Bf3 Bxf3 19. exf3 b6 20. b4 Rfb8 21. Rfe1 a5 22. a3 bxc5 23. bxc5 Kf7 24. Re5 Qf6 25. Rae1 Re8 26. Qd2 Qd8 27. Kg2 Rb8 28. Qf4 Qf6 29. Rxe6 Rxe6 30. Rxe6 Kxe6 31. Qxb8 Kf7 32. Qc7+ Kg6 33.
f4 h5 34. Qe5 Qf7 35. Qd6+ Qf6 36. Qxf6+ Kxf6 37. Kf3 Ke6 38. Ke3 Kd7 39. f3 Kc7 40. h3 g6 41. g4 h4 42. Kd3 Kb7 43. Kc3 Ka6 44. Kb3 Kb5 45. a4+ Ka6 46. Kc2 Kb7 47.
Kd3 Kc7 48. Ke2 Kd7 49. Ke3 Ke7 50. Kf2 Kf7 51. Kg2 Ke7 52. Kf1 Kf7 53. Ke2 Ke7 54.
Kd1 Kf7 55. Kc1 Ke7 56. Kb1 Kf7 57. Ka1 Ke7 58. Ka2 Kf7 59. Ka3 Ke7 60. Kb3 Kf7 61. Kb2 Ke7 62. Kc3 Kf7 63. Kc2 Ke7 64. Kc1 Kf7 65.
Kd1 Ke7 66. Kd2 Kf7 67. Kd3 Ke7 68. Ke3 Kf7 69. Ke2 Ke7 70. Ke1 Kf7 71. Kf2 Ke7 72. Kf1 Kf7 73. Kg2 Ke7 74. Kg1 Kf7 75. Kh2 Ke7 76. Kh1 Kf7 77. Kg2 Ke7 78. gxf5 gxf5 79. Kf2 Kd7 80. Ke3 Ke7 81. Ke2 Kd7 82. Kd3 Ke7 83.
Kd2 Kd7 84. Ke3 Ke7 85. Ke2 Kd7 86. Kd3 Ke7 87. Kd2 Kd7 88. Ke3 1/2-1/2

[Event "*** Titled Tuesday Blitz"]
[Site "Chess.com"]
[Date "2019.03.05"]
[Round "5"]
[White "Hongjin"]
[Black "TheBigBoss04"]
[Result "0-1"]
[WhiteElo "2508"]
[BlackElo "2558"]
[TimeControl "180+2"]
[EndTime "14:13:44 PST"]
[Termination "TheBigBoss04 won by resignation"]

1. c4 g6 2. d4 Bg7 3. e4 d6 4. Nc3 Nf6 5. h3 O-O 6. Nf3 e5 7. d5 Nh5 8. g3 Qe8 9. Be2 f5 10. exf5 gxf5 11. Ng5 Nf6 12. Be3 Na6 13. Qd2 Nc5 14.
b4 Na4 15. Nb5 Qe7 16. Qc2 Nb6 17. Rd1 a6 18. Nc3 a5 19. a3 axb4 20. axb4 Bd7 21. Bxb6 cxb6 22. Qb3 h6 23. Nf3 e4 24. Nd4 Qe5 25.
Ncb5 Rfc8 26. O-O f4 27. gxf4 Qxf4 28. Qg3 Qxg3+ 29. fxg3 Bxh3 30. Rf4 Ra2 31. Nxd6 Rca8 32. Bf1 Bxf1 33. Kxf1 Nh5 34. Rg4 Ra1 35. Rxa1 Rxa1+ 36. Kg2 Ra2+ 37. Kh3 Kh7 38. Ne6 e3 39. Re4 e2 40.
Nf5 Bc3 41. d6 Nf6 42. Re3 e1=Q 43. Rxe1 Bxe1 44. Nf8+ Kg8 45. d7 Rd2 46. Ng6 Rxd7 47. Ne5 Rd1 48. Nxh6+ Kf8 49. Nf5 Bxb4 50. Nf3 Bc5 51.
g4 Rd3 52. Kg2 Nxg4 53. Ng5 Ne3+ 54. Nxe3 Rxe3 0-1

[Event "*** Titled Tuesday Blitz"]
[Site "Chess.com"]
[Date "2019.03.05"]
[Round "5"]
[White "Annawel"]
[Black "Angry_Serb"]
[Result "1-0"]
[WhiteElo "2898"]
[BlackElo "2570"]
[TimeControl "180+2"]
[EndTime "14:13:45 PST"]
[Termination "Annawel won by resignation"]

1. a3 g5 2. d4 Bg7 3. h4 g4 4.
h5 Nh6 5. e4 g3 6. fxg3 c5 7. Nf3 cxd4 8. Bd3 Nc6 9. O-O d6 10.
Nbd2 Bg4 11. Nc4 b5 12. Ncd2 Qb6 13. a4 b4 14. Nc4 Qc5 15. Qe1 Qxh5 16. Nh4 O-O 17.
Bf4 Rab8 18. Qd2 Ne5 19. a5 b3 20. cxb3 Rxb3 21. Bxe5 dxe5 22. Qc2 Rxd3 23. Qxd3 Be2 24. Qc2 Rc8 25. b3 d3 26. Qd2 Ng4 27. Rf5 Qh6 28.
Qxh6 Bxh6 29. Nf3 f6 30. Rh5 Kg7 31. Rh4 Ne3 32. Kf2 Nxc4 33. bxc4 Rxc4 34. Rah1 Bc1 35. Rxh7+ Kf8 36. Rh8+ Kf7 37. Rd8 Rxe4 38. Rxc1 Ra4 39. Ng1 Ra2 40. Nxe2 Rxe2+ 41. Kf1 e4 42. Rd7 f5 43.
Re1 Ra2 44. g4 d2 45. Rd1 e3 46. gxf5 Rxa5 47. Ke2 Re5 48. Rd3 Rxf5 49. Rxe3 Rg5 50. g3 Rh5 51. Rxd2 Ra5 52. Rdd3 e6 53. Kf3 Rf5+ 54.
Ke4 Rb5 55. Rb3 Rd5 56. Rb7+ Kf6 57. Rf3+ Kg6 58. Rxa7 Rb5 59. Ra6 1-0

[Event "*** Titled Tuesday Blitz"]
[Site "Chess.com"]
[Date "2019.03.05"]
[Round "5"]
[White "mikhaillushenkov"]
[Black "BIG_Pirate"]
[Result "1-0"]
[WhiteElo "2608"]
[BlackElo "2370"]
[TimeControl "180+2"]
[EndTime "14:13:46 PST"]
[Termination "mikhaillushenkov won by resignation"]

1. Nf3 d5 2. d4 Nf6 3. c4 c6 4. Nc3 e6 5. e3 Nbd7 6. Bd3 dxc4 7.
Bxc4 b5 8. Bd3 Bd6 9. O-O O-O 10.
Ng5 e5 11. Nce4 Bc7 12. Nxf6+ Nxf6 13. dxe5 Bxe5 14. Nxh7 Nxh7 15. Bxh7+ Kxh7 16. Qh5+ Kg8 17. Qxe5 Re8 18. Qf4 Be6 19. e4 Bc4 20. Re1 Qd4 21. e5 Rad8 22. Qxd4 Rxd4 23. b3 Be6 24. Be3 Rd7 25. Bc5 Bd5 26. Bd6 a5 27. f3 Ra7 28.
Bc5 Ra6 29. Kf2 a4 30. b4 a3 31. Re3 Raa8 32. h4 Re6 33. g4 Rae8 34. Bd4 f6 35.
exf6 Rxe3 36. Bxe3 gxf6 37. Bc1 Bc4 38. Bxa3 Re2+ 39. Kg3 Bxa2 40. Bc1 Rc2 41. Be3 Re2 42. Kf4 Kf7 43. h5 Rc2 44. Bc5 Kg7 45. Re1 Bd5 46.
Re7+ Kg8 47. h6 Rh2 48. g5 fxg5+ 49. Kxg5 Bf7 50. Be3 Rg2+ 51. Kf6 Rg6+ 52. Kf5 1-0

[Event "*** Titled Tuesday Blitz"]
[Site "Chess.com"]
[Date "2019.03.05"]
[Round "5"]
[White "MikaelyanArman"]
[Black "murmah2003"]
[Result "1/2-1/2"]
[WhiteElo "2717"]
[BlackElo "2544"]
[TimeControl "180+2"]
[EndTime "14:13:47 PST"]
[Termination "Game drawn by stalemate"]

1. e4 d6 2. d4 Nf6 3. Nc3 g6 4. Be3 a6 5. Qd2 b5 6. f3 Nbd7 7. O-O-O Nb6 8. g4 h5 9. g5 Nfd7 10. e5 Bg7 11. f4 Bb7 12. d5 dxe5 13. Nf3 b4 14. Ne4 Bxd5 15. Bd3 exf4 16. Bd4 e5 17. Bxb6 Nxb6 18. Qxb4 Qe7 19. Qa5 O-O 20. Rhe1 Rfd8 21. Nf6+ Bxf6 22. gxf6 Qxf6 23. Nxe5 f3 24. Nxg6 fxg6 25.
Rg1 Bf7 26. Rdf1 Rd4 27. Qxh5 Rxd3 28. cxd3 Na4 29. Rf2 Rb8 30. Qxf3 Qxf3 31. Rxf3 Nxb2 32. h4 Na4 33. h5 Nc3 34. Rg5 Ne2+ 35. Kd2 Rb2+ 36.
Ke3 Kg7 37. hxg6 Bxg6 38. Rg2 Nc3 39. Rxb2 Nd1+ 40. Kd4 Nxb2 41. Rf2 Nxd3 42. Rc2 c5+ 43. Rxc5 Nxc5 44. Kxc5 Bd3 45. Kb4 Bf1 46. Kc3 Kf6 47. Kb2 Ke5 48. Ka1 Kd4 49. a4 Kc3 50. a5 Kc2 51. Ka2 Bc4+ 52. Ka1 Bb3 1/2-1/2

[Event "*** Titled Tuesday Blitz"]
[Site "Chess.com"]
[Date "2019.03.05"]
[Round "5"]
[White "mjray79"]
[Black "ALEXJR20"]
[Result "0-1"]
[WhiteElo "2107"]
[BlackElo "2179"]
[TimeControl "180+2"]
[EndTime "14:13:49 PST"]
[Termination "ALEXJR20 won on time"]

1. d4 d5 2. c4 c6 3. Nf3 Nf6 4. Nc3 e6 5. Bg5 h6 6. Bh4 dxc4 7. e4 g5 8. Bg3 b5 9. e5 Nd5 10. Nd2 h5 11. h4 g4 12. Nde4 Be7 13. Be2 Bb7 14.
f3 Ne3 15. Qd2 Nxg2+ 16. Kf2 Nxh4 17. fxg4 hxg4 18. Bxg4 Rg8 19. Bh5 c5 20. Bxf7+ Kxf7 21. Qf4+ Nf5 22. Rh7+ Ke8 23. dxc5 b4 24. Nd6+ Bxd6 25.
exd6 bxc3 26. Re1 Qf6 27. Re7+ Kd8 28. R7xe6 Qg5 29. Re8+ Kd7 30. Rxg8 Qxg8 31. Qxf5+ Kc6 32. Re7 Qd5 33. Qxd5+ Kxd5 34. Rxb7 c2 35. Bf4 Nc6 36. d7 Rf8 37. d8=Q+ Nxd8 38. Rd7+ Kxc5 39. Rc7+ Kb6 40. Rxc4 Ne6 41. Rxc2 Rxf4+ 42. Ke3 Rb4 43. b3 a5 44.
Rh2 Rd4 45. Rh6 Rd6 46. Rg6 Kc6 47. Rg2 Nc5 48. Rc2 Kb5 49. Ke2 Rd5 50. Rc4 Na6 51.
Rh4 Nb4 52. a3 Nc2 0-1

[Event "*** Titled Tuesday Blitz"]
[Site "Chess.com"]
[Date "2019.03.05"]
[Round "5"]
[White "Orange_Ghost"]
[Black "Ar4uha"]
[Result "1-0"]
[WhiteElo "2559"]
[BlackElo "2477"]
[TimeControl "180+2"]
[EndTime "14:13:51 PST"]
[Termination "Orange_Ghost won by resignation"]

1. d4 Nf6 2. c4 e6 3. Nc3 Bb4 4.
e3 O-O 5. Ne2 Re8 6. a3 Bf8 7.
Ng3 d5 8. cxd5 exd5 9. b4 a5 10. b5 Nbd7 11. Be2 g6 12. O-O h5 13. Bf3 h4 14.
Nge2 Nb6 15. g3 Ne4 16. Qc2 Bf5 17. g4 Nxc3 18. gxf5 Nxe2+ 19. Qxe2 Qg5+ 20. Kh1 Qxf5 21. Bg4 Qf6 22. Rg1 Bd6 23. Qf3 Qxf3+ 24. Bxf3 Kg7 25. a4 f5 26. Ra2 Kf6 27. h3 Rac8 28. Bd2 Nc4 29. Bxd5 Nxd2 30. Rxd2 b6 31. Rc2 g5 32.
Kg2 g4 33. Rgc1 Kg5 34. Rc6 Rcd8 35. Ba2 f4 36. exf4+ Bxf4 37. Rd1 Re2 38. Bc4 gxh3+ 39. Kf3 Rde8 40. Bxe2 h2 41. Rh1 h3 42. Bd3 Bd6 43.
Rxd6 cxd6 44. Rxh2 Rf8+ 45. Kg3 Rf4 46. d5 Rg4+ 47.
Kxh3 Rxa4 48. Kg2 Rd4 49. Be2 a4 50. Rh8 Kf6 51. Ra8 Ke5 52. Bf3 Rb4 53. Ra6 Rxb5 54. Rxa4 Rb2 55. Re4+ Kf5 56. Rc4 b5 57. Rc6 Ke5 58.
Rb6 b4 59. Kg3 Rb1 60. Bg2 b3 61. f4+ Kd4 62. Rxd6 Kc5 63. Rc6+ Kb5 64. Rc8 b2 65. d6 Rd1 66. Rb8+ Kc5 67. Rxb2 Kxd6 68. Bf3 Rg1+ 69. Kf2 Ke6 1-0

[Event "*** Titled Tuesday Blitz"]
[Site "Chess.com"]
[Date "2019.03.05"]
[Round "5"]
[White "SF-96"]
[Black "HanSchut"]
[Result "1-0"]
[WhiteElo "2577"]
[BlackElo "2323"]
[TimeControl "180+2"]
[EndTime "14:13:52 PST"]
[Termination "SF-96 won by resignation"]

1. e4 c5 2. Nf3 d6 3. d4 cxd4 4. Nxd4 Nf6 5. Nc3 a6 6. Be3 e5 7. Nf3 Qc7 8. a4 Be7 9. a5 Be6 10. Nd5 Nxd5 11. exd5 Bg4 12. Be2 O-O 13. Bb6 Qc8 14. Ra4 Nd7 15. Rc4 Qe8 16. Rxg4 f5 17. Rc4 Nxb6 18. axb6 g5 19. Rc7 Rb8 20. Nd2 Bd8 21.
Bh5 Qb5 22. Rc3 Bxb6 23. Rb3 Qc5 24. O-O Ba7 25. Nf3 h6 26. Rc3 Qb5 27. b3 Qd7 28.
Qd2 Qg7 29. Rc4 Rbc8 30. Qc3 Rxc4 31. Qxc4 g4 32. Nh4 Qg5 33. Ng6 Qxh5 34. Nxf8 Kxf8 35.
Qc8+ Qe8 36. Qxf5+ Kg7 37. Qxg4+ Kh7 38. Qf5+ Kh8 39.
Qf6+ Kh7 40. Qxd6 e4 41. Qe6 Qxe6 42. dxe6 Kg6 43. Re1 e3 44. fxe3 Kf6 45. Kf2 Kxe6 46. Kf3 Ke5 47. Rd1 Ke6 48. Ke4 Bc5 49. Rd5 Ba3 50.
Rh5 Bf8 51. g4 Kf6 52. h4 Kg6 53. Rd5 b6 54. Ke5 a5 55. Ke6 Kh7 56. h5 Ba3 57. Rd7+ Kg8 58. e4 Bb2 59. e5 Bd4 60. Rxd4 1-0

[Event "*** Titled Tuesday Blitz"]
[Site "Chess.com"]
[Date "2019.03.05"]
[Round "5"]
[White "jflup"]
[Black "tunadrol"]
[Result "1-0"]
[WhiteElo "2364"]
[BlackElo "2489"]
[TimeControl "180+2"]
[EndTime "14:13:56 PST"]
[Termination "jflup won by checkmate"]

1. e4 c5 2. Nc3 d6 3. f4 g6 4.
Nf3 Bg7 5. Bb5+ Bd7 6. Bc4 Nc6 7.
d3 Nf6 8. f5 gxf5 9. O-O fxe4 10. dxe4 O-O 11. Qe1 Nd4 12. Qh4 b5 13. Bd5 Nxd5 14.
Nxd5 e6 15. Ng5 h6 16. Nf6+ Kh8 17. Kh1 Nf5 18. exf5 Qxf6 19. Qg3 exf5 20. Nh3 Qg6 21. Qf2 Bc6 22. Nf4 Qg4 23. h3 Bd4 24. hxg4 Bxf2 25. Rxf2 fxg4 26. Kh2 f5 27. Kg3 Be4 28. b3 Kg7 29.
Bb2+ Kf7 30. Rd1 Ke7 31. Rfd2 Rad8 32. Ng6+ Ke6 33. Nxf8+ Rxf8 34. Rxd6+ Ke7 35. Rd7+ Ke8 36. Rd8+ Ke7 37. R1d7+ Ke6 38. Rxf8 Kxd7 39. c3 h5 40. b4 c4 41. Bc1 Ke7 42. Rb8 Ke6 43. Be3 Kd5 44.
Bxa7 Bb1 45. a3 Ke4 46. Bd4 f4+ 47. Kf2 g3+ 48. Kg1 Kd3 49. Rxb5 h4 50. Rf5 Ke4 51.
Re5+ Kd3 52. b5 h3 53. gxh3 f3 54. b6 Kd2 55. b7 Bd3 56. b8=Q f2+ 57. Bxf2 gxf2+ 58. Kxf2 Kxc3 59. Qb4+ Kc2 60. Re2+ Bxe2 61. Kxe2 c3 62. Ke3 Kd1 63. Kd3 c2 64. Qd2# 1-0

[Event "*** Titled Tuesday Blitz"]
[Site "Chess.com"]
[Date "2019.03.05"]
[Round "5"]
[White "dopolian"]
[Black "Ibraev_Vasilj"]
[Result "1-0"]
[WhiteElo "2186"]
[BlackElo "2153"]
[TimeControl "180+2"]
[EndTime "14:14:06 PST"]
[Termination "dopolian won by resignation"]

1. e4 c5 2. Nf3 e6 3. d4 cxd4 4. Nxd4 a6 5. Bd3 Qc7 6. O-O Nf6 7. c4 d6 8. Nc3 Nbd7 9. Be3 Ne5 10. Rc1 Nxd3 11.
Qxd3 Nd7 12. Qe2 Be7 13. f3 O-O 14. a3 Bf6 15. Rfd1 Rd8 16. b4 Ne5 17. Nb1 Bd7 18. Nd2 Rac8 19. f4 Nc6 20. N2b3 Nxd4 21. Bxd4 Ba4 22.
Bxf6 Bxb3 23. Qg4 g6 24. Qg5 Kf8 25. Bxd8 Rxd8 26. Rf1 Ke8 27. h4 Bxc4 28. Rf3 b5 29.
f5 Qb6+ 30. Kh2 Qd4 31. fxe6 Bxe6 32. Rc7 Qe5+ 33. Qxe5 dxe5 34. Rfc3 Rd4 35. R7c6 Rxe4 36. g3 Bc4 37. Rxa6 Re2+ 38. Kg1 Kf8 39. Ra7 Kg7 40. a4 Re1+ 41. Kf2 Rf1+ 42. Kg2 Rb1 43. axb5 Bxb5 44. Rcc7 Be8 45. Rab7 e4 46. Re7 Bc6 47. Rb6 Rc1 48. b5 Bd5 49. Rd6 Rd1 50. Red7 Rb1 51. Rxd5 e3 52.
Re5 e2 53. Rxe2 Rxb5 54. Rf2 1-0

[Event "*** Titled Tuesday Blitz"]
[Site "Chess.com"]
[Date "2019.03.05"]
[Round "5"]
[White "wonderfultime"]
[Black "731291"]
[Result "1-0"]
[WhiteElo "2912"]
[BlackElo "2682"]
[TimeControl "180+2"]
[EndTime "14:14:11 PST"]
[Termination "wonderfultime won by resignation"]

1. d4 e6 2. Nf3 c5 3. c3 d5 4. Bf4 Nf6 5. e3 Bd6 6. Bg3 O-O 7. Nbd2 Qc7 8. dxc5 Bxg3 9. hxg3 Qxc5 10. Bd3 h6 11. Qe2 Nc6 12. e4 dxe4 13. Nxe4 Nxe4 14. Qxe4 f5 15. Qc4 Qb6 16. b4 Bd7 17. O-O Rac8 18. Qb3 Kh8 19. Rfe1 Qc7 20. Bb5 a6 21. Bxc6 Bxc6 22.
Ne5 Be8 23. c4 Bh5 24. c5 Rfe8 25. Nc4 Rcd8 26. Re5 Rd4 27. Rae1 Bf7 28. Nd6 Rxd6 29. cxd6 Qxd6 30. b5 a5 31. a4 Rc8 32. b6 Rc6 33.
Rxa5 Rxb6 34. Rb5 Rxb5 35. Qxb5 Qe7 36. Qxf5 Qb4 37. Qe4 Qa5 38. Rb1 Be8 39. Rxb7 Qxa4 40. Qe5 Qd1+ 41. Kh2 Qg4 42. f3 Qg6 43. g4 Kh7 44.
Re7 Bf7 45. Kg3 h5 46. Qxh5+ Qxh5 47. gxh5 Bxh5 48. Rxe6 Bf7 49. Ra6 Bg8 50. Rb6 Bf7 51. Kf4 Bg8 52. Kg5 Bf7 53. Rb7 Bc4 54. Rc7 Bd5 55.
Rd7 Bc6 56. Rc7 Bd5 57. Kf4 Ba8 58. g4 Bd5 59. Kg3 Bb3 60. f4 Bd1 61. f5 Kg8 62. Kf4 Be2 63. Kg5 Bd1 64. Rd7 Ba4 65. Rd4 Be8 66. Rd8 Kf7 67. Rxe8 Kxe8 68. Kg6 Kf8 69. Kh7 Kf7 70. g5 Kf8 71. g6 Ke7 72. Kxg7 1-0

[Event "*** Titled Tuesday Blitz"]
[Site "Chess.com"]
[Date "2019.03.05"]
[Round "5"]
[White "mouseWLZ"]
[Black "Chess_for_enjoy"]
[Result "1-0"]
[WhiteElo "2501"]
[BlackElo "2621"]
[TimeControl "180+2"]
[EndTime "14:14:15 PST"]
[Termination "mouseWLZ won by resignation"]

1. d4 Nf6 2. Nf3 d5 3. g3 Bf5 4. Bg2 c6 5. O-O e6 6. c4 Nbd7 7. Nc3 Be7 8. b3 h6 9. Bb2 O-O 10. Rc1 Re8 11. a3 Bf8 12. cxd5 exd5 13. b4 a6 14. Na4 Nb6 15. Nxb6 Qxb6 16. Ne5 Rad8 17. Qb3 Ne4 18. Rcd1 Nd6 19. Kh1 f6 20. Nd3 Nc4 21. e3 Kh8 22. Nc5 a5 23. Rfe1 axb4 24. axb4 Ra8 25. Bc1 Ra1 26. e4 Bg4 27. f3 Bh5 28. g4 Bf7 29. Bf4 Rxd1 30. Rxd1 Kg8 31. Qc3 Nd6 32.
Nd7 Qd8 33. Nxf8 Rxf8 34. Qc5 Nb5 35. e5 fxe5 36. Bxe5 Be6 37. h3 Qh4 38. Kh2 Bc8 39. Bg3 Qf6 40. Be5 Qh4 41. Bg3 Qd8 42. Re1 Na3 43.
f4 Nc4 44. f5 Re8 45. Rxe8+ Qxe8 46. b5 Bd7 47. bxc6 bxc6 48. f6 gxf6 49. Qa7 Ne3 50. Qa2 Kg7 51. Qf2 Bxg4 52. Bf4 Nxg2 53. Qxg2 h5 54.
hxg4 h4 55. g5 f5 56. g6 Qe1 57. Be5+ Kg8 58. g7 Qe2 59. Qxe2 1-0

[Event "*** Titled Tuesday Blitz"]
[Site "Chess.com"]
[Date "2019.03.05"]
[Round "5"]
[White "cherryandmint"]
[Black "GataKamsky1974"]
[Result "0-1"]
[WhiteElo "2629"]
[BlackElo "2837"]
[TimeControl "180+2"]
[EndTime "14:14:18 PST"]
[Termination "GataKamsky1974 won by resignation"]

1. e4 c5 2. Nf3 e6 3. d4 cxd4 4. Nxd4 a6 5. g3 Nc6 6. Bg2 Bc5 7. Nb3 Ba7 8. O-O Nf6 9. Qe2 d6 10. c4 O-O 11. Nc3 e5 12. Be3 Bg4 13. Qd2 Bxe3 14. Qxe3 a5 15. Na4 Qe7 16. h3 Be6 17. Nb6 Ra6 18. Nd5 Qd8 19. Rad1 a4 20. Nc1 Bxd5 21. cxd5 Nd4 22. Ne2 Nxe2+ 23. Qxe2 Qb6 24. Rc1 Nd7 25. Rc4 Ra5 26. Rfc1 Nc5 27. h4 Rb5 28.
R1c2 Rb4 29. h5 Rxc4 30. Qxc4 h6 31. a3 Ra8 32. Bf1 Qb3 33. Kg2 Qb6 34. f3 Rf8 35.
Qb4 Qd8 36. Qd2 f5 37. exf5 Rxf5 38. g4 Rf4 39. Rc4 Rf8 40. f4 exf4 41. Rxf4 Rxf4 42. Qxf4 Qe7 43. Kf2 Qh4+ 44. Kg2 Qe7 45. Bb5 Qe5 46.
Qxe5 dxe5 47. Kf3 Kf7 48. Bc4 Ke7 49. g5 hxg5 50. Kg4 Kf6 51. d6 e4 52. Bb5 b6 53.
d7 Ke7 54. Kxg5 e3 55. Kg6 Ne6 56. Kh7 Nf4 57. Kxg7 Nxh5+ 58. Kg6 e2 59. Bxe2 Nf4+ 60. Kf5 Nxe2 61. Ke4 Kxd7 62. Kd3 Nf4+ 63. Kc4 Kc6 64. Kb4 b5 65. b3 axb3 66. Kxb3 Nd3 67. Kc3 Nc5 68.
Kb4 Na4 0-1

[Event "*** Titled Tuesday Blitz"]
[Site "Chess.com"]
[Date "2019.03.05"]
[Round "5"]
[White "Kimster98"]
[Black "GMKrikor"]
[Result "1/2-1/2"]
[WhiteElo "2614"]
[BlackElo "2721"]
[TimeControl "180+2"]
[EndTime "14:14:19 PST"]
[Termination "Game drawn - insufficient material"]

1. Nf3 d5 2. d4 Nf6 3. c4 e6 4.
Nc3 Bb4 5. Bg5 h6 6. Bxf6 Qxf6 7. e3 O-O 8. Rc1 c6 9. a3 Ba5 10. b4 Bb6 11. Bd3 Nd7 12. cxd5 exd5 13. b5 Qe7 14.
Qb3 Re8 15. O-O Rb8 16. Na4 Ba5 17. bxc6 bxc6 18. Qa2 Bb7 19. Nc5 Nxc5 20. Rxc5 Bb6 21. Rc3 c5 22. dxc5 Bxc5 23. Rfc1 Bb6 24. Bb5 Red8 25. Bc6 Bxc6 26. Rxc6 d4 27. exd4 Qe4 28. Qc4 Re8 29. d5 Rbd8 30. Qxe4 Rxe4 31. Rd1 Re2 32.
d6 Bxf2+ 33. Kf1 Rb2 34. Rd2 Rxd2 35. Nxd2 Bb6 36. Nc4 Bd4 37. Ke2 g5 38. Kd3 Bg1 39. h3 Kg7 40. Ke4 Kf6 41. Kd5 Bh2 42. Rc7 Rb8 43.
Rxa7 Rb1 44. d7 Rd1+ 45. Kc6 Ke6 46. Nb6 Rd6+ 47. Kb5 Bg1 48. Rb7 f5 49. a4 Rd1 50.
a5 Rb1+ 51. Kc4 Rc1+ 52. Kb3 Bxb6 53. Rxb6+ Kxd7 54. Rxh6 Rg1 55. g4 fxg4 56. hxg4 Rxg4 57. Rg6 Kc7 58. a6 Kb8 59. Rg7 Rf4 60. Rxg5 Rf6 61. Ra5 Ka7 62. Kb4 Rb6+ 63. Kc5 Rxa6 64. Rxa6+ Kxa6 1/2-1/2

[Event "*** Titled Tuesday Blitz"]
[Site "Chess.com"]
[Date "2019.03.05"]
[Round "5"]
[White "Micki-taryan"]
[Black "Alexey_Potapov"]
[Result "1/2-1/2"]
[WhiteElo "2956"]
[BlackElo "2741"]
[TimeControl "180+2"]
[EndTime "14:14:22 PST"]
[Termination "Game drawn - insufficient material"]

1. d4 c6 2. Nf3 d6 3. c4 Nf6 4.
Nc3 g6 5. g3 Bg7 6. Bg2 O-O 7.
O-O Qc7 8. e4 e5 9. h3 Re8 10.
d5 c5 11. Qc2 Na6 12. a3 Bd7 13. Ne1 Rab8 14. Nd3 b5 15. cxb5 Bxb5 16. Nxb5 Rxb5 17. Qa4 Qb7 18. Bd2 Nd7 19. Qc4 Rc8 20. Rfc1 Rb8 21. Bc3 Rb3 22. Bf1 Nc7 23. Bb4 Rxd3 24. Bxd3 Nxd5 25.
Qxd5 Qxd5 26. exd5 cxb4 27. axb4 e4 28. Rxa7 Bxb2 29.
Rd1 Nf6 30. Bc2 Rxb4 31. Rb1 Nxd5 32. Ra2 Bd4 33. Rxb4 Nxb4 34. Ra8+ Kg7 35. Bxe4 Kf6 36. Kg2 h5 37. Rb8 Bc5 38. Rb7 Ke6 39. Bb1 d5 40. f4 Bd6 41. Kf3 Bc5 42. g4 hxg4+ 43. hxg4 Bd6 44. Rb6 Kd7 45. Rb7+ Ke6 46. g5 Na6 47. Kg4 Nc7 48. Ba2 Na6 49. Ra7 Nc7 50. Bb3 Nb5 51. Ra1 Nc3 52. Re1+ Kd7 53. f5 gxf5+ 54.
Kxf5 Be7 55. Rh1 Ne4 56. Ra1 Nxg5 57. Ra6 Ne6 58. Bxd5 Bc5 59. Kf6 Nc7 60. Ra5 Nxd5+ 61. Ke5 Kc6 62. Ra1 f6+ 63. Ke6 Bd4 64. Rc1+ Nc3 65. Rf1 Kc5 66. Rxf6 Bxf6 67. Kxf6 1/2-1/2

[Event "*** Titled Tuesday Blitz"]
[Site "Chess.com"]
[Date "2019.03.05"]
[Round "5"]
[White "Al_Shima"]
[Black "FrenchandSlav"]
[Result "1-0"]
[WhiteElo "2449"]
[BlackElo "2279"]
[TimeControl "180+2"]
[EndTime "14:14:22 PST"]
[Termination "Al_Shima won by resignation"]

1. b3 Nf6 2. Bb2 d5 3. e3 e6 4. f4 c5 5. Nf3 a6 6. Bd3 Nc6 7. O-O d4 8. e4 Nb4 9. Qe2 Be7 10. a3 Nxd3 11. Qxd3 b6 12. Qe2 Bb7 13. d3 Qc7 14.
g3 Ng4 15. Bc1 Rc8 16. h3 Nf6 17. a4 b5 18. axb5 axb5 19. Nbd2 Nd7 20. Kh2 Nb6 21. Ra2 O-O 22. Rf2 Rfd8 23. Ne1 c4 24. bxc4 bxc4 25.
Ba3 cxd3 26. cxd3 Bxa3 27. Rxa3 Qc1 28. Rb3 Qc7 29. Ndf3 Ra8 30. Qb2 Ra6 31. Rc2 Qd6 32. Rc1 Na4 33. Qxd4 Qxd4 34. Nxd4 Rxd4 35. Rxb7 g6 36.
Rcc7 Nb6 37. Rxf7 Ra2+ 38. Kg1 Rb4 39. Rg7+ Kf8 40. Rxh7 Kg8 41. Rhd7 Ra8 42. Rd6 Rb1 43.
Rdxb6 Rxe1+ 44. Kf2 Rh1 45. Rb8+ Rxb8 46. Rxb8+ Kg7 47.
h4 Rh2+ 48. Kf3 Rd2 49. Rd8 Kf7 50. e5 g5 51. hxg5 Kg6 52. Rf8 Kg7 53. Rf6 Rxd3+ 54. Kg4 Ra3 55. Rxe6 Kf7 56. Rb6 Ra5 57. Kf5 Ke8 58.
Rb7 Kf8 59. Kf6 Ra8 60. g6 Kg8 61. Rg7+ Kh8 62. Rh7+ Kg8 63. Rb7 Ra6+ 64. e6 Ra8 65.
f5 Rf8+ 66. Kg5 Ra8 67. g4 Rf8 68. Kh6 Ra8 69. f6 Rc8 70. Rg7+ Kf8 71. Rh7 Kg8 72. f7+ Kf8 1-0

[Event "*** Titled Tuesday Blitz"]
[Site "Chess.com"]
[Date "2019.03.05"]
[Round "5"]
[White "wanyaland"]
[Black "JSMastropiero"]
[Result "1-0"]
[WhiteElo "2130"]
[BlackElo "2231"]
[TimeControl "180+2"]
[EndTime "14:14:22 PST"]
[Termination "wanyaland won by resignation"]

1. d4 Nf6 2. c4 e6 3. Nc3 Bb4 4. Qc2 c5 5. a3 Bxc3+ 6. bxc3 Nc6 7.
Nf3 b6 8. g3 Ba6 9. Bg2 Rc8 10.
d5 Na5 11. Nd2 Nxc4 12. Qa4 Na5 13. c4 exd5 14. cxd5 O-O 15. Bf3 Bb7 16. e4 Ba6 17. e5 Re8 18. Bb2 Bb7 19. d6 Bxf3 20. Nxf3 h6 21.
O-O Nh7 22. h4 Nf8 23. Rae1 Ne6 24. Kg2 Rb8 25. Bc3 Nc6 26. Nh2 Ned4 27. f4 f6 28. Qc4+ Kh8 29. Bxd4 Nxd4 30. Qf7 fxe5 31. fxe5 Rf8 32.
Qg6 Qe8 33. Qe4 Qe6 34. Ng4 Qa2+ 35. Kh1 Qc2 36. Qe3 Qg6 37. Nh2 Nc2 38. Qe4 Rxf1+ 39. Nxf1 Qxe4+ 40. Rxe4 Re8 41. a4 Nd4 42. Ne3 Kg8 43.
Kg2 Kf7 44. Nd5 Ne6 45. Re1 Nd4 46. Nc7 Rd8 47. Rf1+ Kg6 48. g4 Ne6 49. Nxe6 dxe6 50. Rc1 Rd7 51. Kf3 h5 52. gxh5+ Kxh5 53. Rg1 Kxh4 54. Rg6 c4 55. Ke3 a6 56. Kd4 b5 57. axb5 axb5 58. Rxe6 Kg5 59. Re8 Kf5 60. Kd5 c3 61. Rf8+ Kg6 62. Rc8 b4 63. e6 Ra7 64. d7 Ra5+ 65. Kd4 1-0